 Dungeon Crawl Stone Soup version 0.29-a0-409-gd843f3a48c (webtiles) character file.

Game seed: 7103530941799450933

4 trckry the Caller (level 1, 0/9 HPs)
             Began as a Vine Stalker Summoner on May 13, 2022.
             Slain by a kobold
             ... wielding a +0 club
              (4 damage)
             ... on level 1 of the Dungeon.
             The game lasted 00:00:35 (172 turns).

trckry the Caller (Vine Stalker Summoner)            Turns: 172, Time: 00:00:36

Health: 0/9        AC:  2    Str: 10    XL:     1   Next: 60%
Magic:  0/4        EV: 12    Int: 15    God:
Gold:   16         SH:  0    Dex: 14    Spells: 3/4 levels left

rFire   . . .      SeeInvis .   (no weapon)
rCold   . . .      Faith    .   (no shield)
rNeg    . . .      Spirit   +   a - +0 robe
rPois   .          Reflect  .   (no helmet)
rElec   .          Harm     .   (no cloak)
rCorr   .          Rampage  .   (no gloves)
Will    .....                   (no boots)
Stlth   ++........              (no amulet)
HPRegen 0.03/turn               (no ring)
MPRegen 0.09/turn               (no ring)

@: no status effects
A: fangs 2, magic shield, antimagic bite, no potion heal 2
a: no special abilities


You were on level 1 of the Dungeon.
You visited 1 branch of the dungeon, and saw 1 of its levels.

You collected 16 gold pieces.

Inventory:

Hand Weapons
 d - a +0 shortbow
Armour
 a - a +0 robe (worn)
Scrolls
 c - a scroll of identify {unknown}
Potions
 b - a potion of magic


   Skills:
 + Level 1.6 Dodging
 + Level 2.6 Stealth
 + Level 2.2 Spellcasting
 + Level 4.0 Summonings


You had 3 spell levels left.
You knew the following spells:

 Your Spells              Type           Power      Damage    Failure   Level
a - Summon Small Mammal   Summ           52%        N/A       4%          1

Your spell library contained the following spells:

 Spells                   Type           Power      Damage    Failure   Level
 Call Imp                 Summ           13%        N/A       6%          2
 Call Canine Familiar     Summ           13%        N/A       12%         3
 Summon Guardian Golem    Hex/Summ       7%         N/A       28%         3
 Summon Lightning Spire   Summ/Air       7%         N/A       67%         4


Dungeon Overview and Level Annotations

Branches:
Dungeon (1/15)

Altars:


Innate Abilities, Weirdness & Mutations

You have extremely sharp teeth.
When hurt, damage is shared between your health and your magic reserves.
Your bite disrupts and absorbs the magic of your enemies.
Potions cannot restore your health.


Message History

You take 3 damage, and have 6/9 hp.
MASSIVE DAMAGE!!
You now have 2/4 mp.
The goblin attacks as you move away! The goblin hits you with a +0 club.
The goblin closely misses your rat.
You take 2 damage, and have 4/9 hp.
MASSIVE DAMAGE!!
You now have 1/4 mp.
You swap places.
The goblin hits your bat with a +0 club.
Your bat misses the goblin.
Your rat barely misses the goblin.
Your bat completely misses the goblin.
The goblin hits your bat with a +0 club.
Your bat dies!
Your bat's corpse disappears in a puff of smoke!
Your rat bites the goblin.
Casting: Summon Small Mammal (safe; 4% risk of failure)
Confirm with . or Enter, or press ? or * to list all spells.
Your rat bites the goblin.
The goblin dies!
A kobold comes into view. It is wielding a +0 club.
You now have 0/4 mp.
You swap places.
Your rat barely misses the kobold.
The kobold closely misses your rat.
You swap places.
The kobold barely misses your rat.
Your rat barely misses the kobold.
Your rat bites the kobold but does no damage.
The kobold hits your rat with a +0 club.
Your rat dies!
Your rat's corpse disappears in a puff of smoke!
Your rat bites the kobold.
Casting: Summon Small Mammal (safe; 4% risk of failure)
Confirm with . or Enter, or press ? or * to list all spells.
Your rat closely misses the kobold.
You now have 0/4 mp.
The kobold attacks as you move away! The kobold hits you with a +0 club.
You take 1 damage, and have 4/9 hp.
You swap places.
The kobold barely misses you.
Your rat bites the kobold but does no damage.
Your rat bites the kobold.
Things that are here:
a +0 club; a goblin corpse The kobold attacks as you move away!
The kobold hits you with a +0 club.
You die...

......##..####♣♣#..#.#
..........'..#.♣#..#.#
..........'.<#.♣#..#.#
..........'..#.♣#..#.#
. ....##..####♣♣#..#.#
.... #..#..####..#.#
... ....#...r......#
.. .....#.r###.#...#
####..#..K@......#
#⌠⌠####.#.....#
######..##.#
.........#.#
..###....#.#
#......#.# #.##....
... ....## ##. ..[..#


You could see a kobold (ally target) and a friendly rat (summoned).

Vanquished Creatures (collateral kills)
  2 goblins (D:1)
  A hobgoblin (D:1)
  A rat (D:1)
4 creatures vanquished.

Notes
Turn   | Place    | Note
-------+----------+-------------------------------------------
     0 | D:1      | trckry the Vine Stalker Summoner began the quest for the
                  | Orb.
     0 | D:1      | Reached XP level 1. HP: 9/9 MP: 4/4
   172 | D:1      | Slain by a kobold

Illustrated notes

Levels and vault maps discovered:
D:1:      beargit_arrival_diablo_church, layout_basic, minivault_23,
          hangedman_decor_slide_cut

Action                   || total
-------------------------++-------
 Cast: Summon Small Mamm ||     7
Dodge: Dodged            ||     4

Table legend: (Time is in decaauts)
 A = Elapsed time spent in this place.
 B = Non-inter-level travel time spent in this place.
 C = Inter-level travel time spent in this place.
 D = Time resting spent in this place.
 E = Time spent auto-exploring this place.
 F = Levels seen in this place.
 G = Mean time per level.
                   A        B        C        D        E       F      G
               +--------+--------+--------+--------+--------+-----+--------+
         Total |    172 |    172 |      0 |      0 |    116 |   1 |  172.0 |
       Dungeon |    172 |    172 |      0 |      0 |    116 |   1 |  172.0 |
               +--------+--------+--------+--------+--------+-----+--------+

Top non-repeatable levels by time:
     D:1: 172 daAuts
